 Dungeon Crawl Stone Soup version 0.26-a0-683-g5206c1d7ac (webtiles) character file.

Game seed: 4266363622307574399

30929 robertstho the Brawler (level 13, -7/126 HPs)
             Began as a Troll Berserker on Oct 22, 2020.
             Was a High Priest of Trog.
             Mangled by a four-headed hydra (11 damage)
             ... on level 5 of the Lair of Beasts.
             The game lasted 00:18:30 (11184 turns).

robertstho the Brawler (Troll Berserker)           Turns: 11184, Time: 00:18:30

Health: -7/126     AC: 14    Str: 36    XL:     13   Next: 23%
Magic:  12/12      EV: 11    Int:  5    God:    Trog [*****.]
Gold:   838        SH: 10    Dex:  9    Spells: 12/12 levels left

rFire    . . .     SeeInvis .   I - +2 war axe (flame)
rCold    . . .     Faith    .   o - +0 kite shield
rNeg     . . .     Spirit   .   J - +1 swamp dragon scales
rPois    +         Reflect  .   (helmet restricted)
rElec    .         Harm     .   G - +0 cloak
rCorr    +         Rampage  .   (gloves unavailable)
MR       .....                  (boots unavailable)
Stlth    +.........             i - amulet of regeneration
HPRegen  1.11/turn              P - +6 ring of strength
MPRegen  0.13/turn              q - ring of resist corrosion

@: berserk cooldown, slowed, very slow
A: large, unfitting armour, claws 3, regeneration 1, shaggy fur 1, tough skin 3
a: Berserk, Trog's Hand, Brothers in Arms, Renounce Religion


You were on level 5 of the Lair of Beasts.
You worshipped Trog.
Trog was extremely pleased with you.
You visited 2 branches of the dungeon, and saw 15 of its levels.
You also visited: Bailey.

You collected 838 gold pieces.

Inventory:

Hand Weapons
 b - a +2 glaive of flaming
 I - a +2 war axe of flaming (weapon)
 R - a +4 antimagic broad axe
Missiles
 N - 2 large rocks (quivered)
Armour
 o - a +0 kite shield (worn)
 G - a +0 cloak (worn)
 J - +1 swamp dragon scales (worn)
Jewellery
 e - an uncursed ring of protection from fire
 f - an uncursed ring of magical power
 i - an amulet of regeneration (around neck)
 q - a ring of resist corrosion (right claw)
 F - an uncursed ring of protection from magic
 K - an uncursed ring of poison resistance
 M - an uncursed ring of positive energy
 P - a +6 ring of strength (left claw)
Wands
 c - a wand of digging (7)
 y - a wand of acid (12)
 H - a wand of disintegration (20)
 L - a wand of polymorph (8)
 S - a wand of iceblast (11)
Scrolls
 a - 10 scrolls of teleportation {unknown}
 d - a scroll of enchant weapon {unknown}
 j - a scroll of fog {unknown}
 m - a scroll of fear {unknown}
 r - 2 scrolls of blinking {unknown}
 s - 3 scrolls of magic mapping {unknown}
 u - a scroll of summoning {unknown}
 v - 7 scrolls of remove curse
 x - 4 scrolls of enchant armour
 z - a scroll of noise {unknown}
 A - 2 scrolls of immolation
 E - 3 scrolls of acquirement {unknown}
 O - a scroll of identify
 Q - a scroll of random uselessness {unknown}
Potions
 g - 7 potions of curing
 h - 2 potions of berserk rage {unknown}
 k - 4 potions of lignification {unknown}
 l - 3 potions of degeneration {unknown}
 n - 2 potions of invisibility {unknown}
 p - 2 potions of mutation
 t - 2 potions of stabbing
 w - 2 potions of ambrosia
 B - 2 potions of might
 C - 2 potions of magic
 D - 2 potions of haste


   Skills:
 * Level 7.6 Fighting
 + Level 0.4 Axes
 + Level 4.0 Armour
 * Level 8.6 Dodging
 + Level 2.2 Stealth
 + Level 4.1 Shields
 * Level 16.2 Unarmed Combat


You had 12 spell levels left.
You didn't know any spells.
Your spell library was empty.

Dungeon Overview and Level Annotations

Branches:
Dungeon (10/15)            Temple (0/1) D:5            Lair (5/6) D:8
  Swamp (0/4) Lair:4        Snake (0/4) Lair:4       Bailey (visited)
  Slime: Lair:5-6       Orc: D:9-12

Altars:
Ashenzari
Elyvilon
Fedhas
Hepliaklqana
Kikubaaqudgha
Makhleb
Okawaru
Qazlal
Ru
Sif Muna
Uskayaw
Xom

Annotations:
D:10 Urug
Lair:2 1 runed translucent door, Suk Xiy's ghost, journeyman DrTm
Lair:3 1 runed translucent door, CowFu's ghost, journeyman MiFi


Innate Abilities, Weirdness & Mutations

You are too large for most types of armour.
You have claws for hands.
Your natural rate of healing is unusually fast.
You are covered in fur. (AC +1)
You have extremely tough skin. (AC +3)


Message History

You are no longer berserk.
You are exhausted.
You feel yourself slow down.
You block the four-headed hydra's attack.
The four-headed hydra bites you but does no damage.
The four-headed hydra bites you.
* * * LOW HITPOINT WARNING * * *
The four-headed hydra bites you but does no damage.
You hit the four-headed hydra. You burn the four-headed hydra.
The four-headed hydra is severely wounded.
The four-headed hydra bites you!
* * * LOW HITPOINT WARNING * * *
The four-headed hydra bites you but does no damage.
You block the four-headed hydra's attack.
The four-headed hydra bites you.
* * * LOW HITPOINT WARNING * * *
You block the four-headed hydra's attack.
The four-headed hydra barely misses you.
The four-headed hydra bites you!
You die...

#.## .:.# .#.# ..#####
#### ..#...###..#####
......##..##PP.####
.P................###
..#..(..........<...#
#...............@D..#
...............##(.#..#
.....####.##.### .....
.^.### ###### .......
.>.# ..#.... ..#
..##... .# .## ... . ##
..


You could see a four-headed hydra.

Vanquished Creatures
  An orc warlord (Bailey)
  3 hydras
  2 two-headed ogres
  5 death yaks (D:8)
  A catoblepas (Lair:3)
  An orc knight (Bailey)
  2 black mambas
  Maggie (D:8)
  6 cane toads
  2 centaur skeletons
  3 rime drakes
  7 komodo dragons
  A hornet (D:7)
  2 polar bears
  3 blink frogs (Lair:4)
  5 dream sheep (Lair:3)
  Sigmund (D:2)
  3 wyverns
  29 yaks
  2 basilisks
  14 soldier ants (Lair:4)
  Duvessa (D:4)
  4 nagas (Lair:4)
  13 water moccasins
  2 sky beasts (D:6)
  A black bear (D:8)
  3 orc warriors
  An eye of draining (D:9)
  An ice beast (D:6)
  The ghost of bronco the Skirmisher, an amateur HuAK of Lugonu (D:3)
  6 ogres
  A phantom (D:4)
  A wolf (Lair:3)
  A gnoll sergeant (D:8)
  11 bullfrogs
  Dowan (D:4)
  A scorpion (D:6)
  3 howler monkeys (D:7)
  5 electric eels (D:6)
  3 centaur zombies
  A bullfrog zombie (D:5)
  5 orc priests
  Crazy Yiuf (D:7)
  4 hounds
  Jessica (D:2)
  Natasha (thrice) (D:3)
  2 iguanas
  6 orc wizards
  15 worker ants
  Robin (D:2)
  11 gnolls
  14 adders
  3 shadow imps
  4 white imps
  4 ufetubi
  An ooze (D:3)
  2 adder skeletons
  2 worms (D:4)
  2 dart slugs
  6 leopard geckos
  50 orcs
  2 ball pythons
  20 goblins
  13 hobgoblins
  17 jackals
  3 quokkas
  6 bats
  6 frilled lizards
  11 kobolds
  A leopard gecko skeleton (D:5)
  5 rats
376 creatures vanquished.

Vanquished Creatures (collateral kills)
  2 entropy weavers (Lair:4)
  A death yak (D:8)
  A queen ant (Lair:4)
  A cane toad (Lair:3)
  A yaktaur (D:10)
  A dream sheep (Lair:3)
  A yak (D:10)
  11 soldier ants (Lair:4)
  4 wolves (Lair:3)
  A centaur (D:6)
  A howler monkey (D:8)
  5 worker ants (Lair:4)
  A hound zombie (D:8)
31 creatures vanquished.

Vanquished Creatures (others)
  A rime drake (Lair:5)
  7 fungi
  44 plants
52 creatures vanquished.

Grand Total: 459 creatures vanquished

Notes
Turn   | Place    | Note
-------+----------+-------------------------------------------
     0 | D:1      | robertstho the Troll Berserker began the quest for the Orb.
     0 | D:1      | Reached XP level 1. HP: 22/22 MP: 0/0
   107 | D:1      | Reached XP level 2. HP: 29/29 MP: 1/1
   387 | D:1      | Reached XP level 3. HP: 35/36 MP: 2/2
   686 | D:1      | Reached ** piety under Trog
   906 | D:2      | Noticed Sigmund
   919 | D:2      | Killed Sigmund
   919 | D:2      | Reached skill level 4 in Unarmed Combat
   919 | D:2      | Reached XP level 4. HP: 33/45 MP: 3/3
   919 | D:2      | Reached XP level 5. HP: 39/53 MP: 4/4
   969 | D:2      | Noticed Robin
   984 | D:2      | Reached skill level 5 in Unarmed Combat
   987 | D:2      | Killed Robin
  1045 | D:2      | Found a blossoming altar of Fedhas.
  1057 | D:2      | Noticed Jessica
  1063 | D:2      | Killed Jessica
  1063 | D:2      | Reached XP level 6. HP: 61/61 MP: 5/5
  1231 | D:2      | You fall into a shaft and drop 2 floors!
  1238 | D:4      | Noticed Duvessa
  1239 | D:4      | Noticed Dowan
  1247 | D:4      | Killed Duvessa
  1247 | D:4      | Reached skill level 6 in Unarmed Combat
  1251 | D:4      | Killed Dowan
  1251 | D:4      | Reached XP level 7. HP: 67/67 MP: 6/6
  1487 | D:4      | Reached skill level 7 in Unarmed Combat
  1570 | D:4      | Reached *** piety under Trog
  1715 | D:4      | Found an ancient bone altar of Kikubaaqudgha.
  2027 | D:3      | Found a runed translucent door.
  2029 | D:3      | Noticed bronco's ghost (amateur HuAK)
  2165 | D:3      | Noticed Natasha
  2171 | D:3      | Killed Natasha
  2171 | D:3      | Reached XP level 8. HP: 73/76 MP: 7/7
  2291 | D:3      | Found a burning altar of Makhleb.
  2298 | D:3      | Found a hide-covered altar of Uskayaw.
  2306 | D:3      | Noticed Natasha
  2310 | D:3      | Killed Natasha
  2348 | D:3      | Found a broken altar of Ashenzari.
  2409 | D:3      | Reached **** piety under Trog
  2715 | D:3      | Noticed Natasha
  2718 | D:3      | Killed Natasha
  2741 | D:5      | Entered Level 5 of the Dungeon
  2750 | D:5      | Reached skill level 8 in Unarmed Combat
  3011 | D:5      | Found a staircase to the Ecumenical Temple.
  3564 | D:6      | Reached skill level 1 in Stealth
  3768 | D:6      | Reached skill level 9 in Unarmed Combat
  3833 | D:6      | Reached skill level 5 in Dodging
  4184 | D:6      | Found a hazy altar of Hepliaklqana.
  4391 | D:6      | Found an iron altar of Okawaru.
  4676 | D:7      | Reached XP level 9. HP: 84/84 MP: 8/8
  4734 | D:7      | Reached skill level 10 in Unarmed Combat
  5043 | D:7      | Found a flagged portal.
  5056 | Bailey   | Entered a bailey
  5061 | Bailey   | Noticed an orc warlord
  5073 | Bailey   | Reached ***** piety under Trog
  5086 | Bailey   | Noticed an orc knight
  5098 | Bailey   | Killed an orc knight
  5098 | Bailey   | Reached skill level 11 in Unarmed Combat
  5124 | Bailey   | Found a runed translucent gate.
  5125 | Bailey   | Found a runed translucent gate.
  5127 | Bailey   | Found a runed translucent gate.
  5286 | Bailey   | Killed an orc warlord
  5286 | Bailey   | Reached XP level 10. HP: 94/94 MP: 9/9
  5310 | Bailey   | Identified the Disquisition on Curses
  5384 | D:7      | Reached skill level 5 in Fighting
  5502 | D:7      | Found a runed translucent door.
  5503 | D:7      | Noticed Crazy Yiuf
  5822 | D:7      | Killed Crazy Yiuf
  5878 | D:8      | Noticed a two-headed ogre
  5890 | D:8      | Killed a two-headed ogre
  5890 | D:8      | Reached skill level 12 in Unarmed Combat
  5971 | D:8      | Found a stormy altar of Qazlal.
  6067 | D:8      | Found a staircase to the Lair.
  6084 | D:8      | Noticed a death yak
  6085 | D:8      | Noticed a death yak
  6085 | D:8      | Noticed a death yak
  6089 | D:8      | Noticed a death yak
  6090 | D:8      | Noticed a death yak
  6092 | D:8      | Noticed a death yak
  6103 | D:8      | Killed a death yak
  6106 | D:8      | Killed a death yak
  6112 | D:8      | Killed a death yak
  6112 | D:8      | Reached skill level 13 in Unarmed Combat
  6115 | D:8      | Killed a death yak
  6115 | D:8      | Reached XP level 11. HP: 28/104 MP: 10/10
  6128 | D:8      | Killed a death yak
  6129 | D:8      | Killed a death yak
  6206 | D:8      | Received a gift from Trog
  6302 | D:3      | Killed bronco's ghost
  6306 | D:3      | Got a shimmering turquoise ring
  6318 | D:3      | Identified the ring "Zanlah" {*Tele rC++ Dex-4} (You found
                  | it on level 3 of the Dungeon)
  6520 | D:8      | Noticed Maggie
  6528 | D:8      | Killed Maggie
  7038 | D:9      | Found a white marble altar of Elyvilon.
  7218 | D:9      | Found a sacrificial altar of Ru.
  7298 | D:10     | Entered Level 10 of the Dungeon
  7298 | D:10     | Noticed a two-headed ogre
  7305 | D:10     | Killed a two-headed ogre
  7355 | D:10     | Noticed Urug
  7457 | Lair:1   | Entered Level 1 of the Lair of Beasts
  7468 | Lair:1   | Reached skill level 14 in Unarmed Combat
  7626 | Lair:1   | Reached skill level 1 in Armour
  7848 | Lair:1   | Reached skill level 1 in Shields
  7863 | Lair:1   | Noticed a five-headed hydra
  7872 | Lair:1   | Killed a five-headed hydra
  8445 | Lair:2   | Reached XP level 12. HP: 101/114 MP: 11/11
  8639 | Lair:2   | Found a runed translucent door.
  8639 | Lair:2   | Found a shimmering altar of Xom.
  8639 | Lair:2   | Noticed Suk Xiy's ghost (journeyman DrTm)
  9125 | Lair:3   | Reached skill level 15 in Unarmed Combat
  9206 | Lair:3   | Noticed a catoblepas
  9225 | Lair:3   | Killed a catoblepas
  9442 | Lair:3   | Noticed a five-headed hydra
  9453 | Lair:3   | Killed a one-headed hydra
  9563 | Lair:3   | Found a runed translucent door.
  9564 | Lair:3   | Noticed CowFu's ghost (journeyman MiFi)
 10146 | Lair:4   | Found a staircase to the Swamp.
 10356 | Lair:4   | Found a shimmering blue altar of Sif Muna.
 10435 | Lair:4   | Found a staircase to the Snake Pit.
 10519 | Lair:4   | Noticed an entropy weaver
 10519 | Lair:4   | Noticed a queen ant
 10530 | Lair:4   | Killed an entropy weaver
 10531 | Lair:4   | Killed a queen ant
 10540 | Lair:4   | Noticed an entropy weaver
 10548 | Lair:4   | Killed an entropy weaver
 10548 | Lair:4   | Reached XP level 13. HP: 76/124 MP: 12/12
 10550 | Lair:4   | Reached skill level 16 in Unarmed Combat
 10573 | Lair:4   | Received a gift from Trog
 11184 | Lair:5   | HP: 4/126 [four-headed hydra (6)]
 11184 | Lair:5   | Mangled by a four-headed hydra

Illustrated notes

Levels and vault maps discovered:
D:1:      elethiomel_arrival_maze, layout_basic, minmay_door_square,
          minmay_pentomino_u4
D:2:      layout_rooms, fedhas_altar_1, uniq_jessica, uniq_robin, uniq_sigmund
D:3:      layout_rooms, marbit_many_paths, amethyst_overflow_temple_binary,
          ebering_ghost_inner_flame, minmay_vboxes, uniq_natasha
D:4:      layout_basic, overflow_temple_1_default, uniq_duvessa
D:5:      layout_basic, temple_fountains
D:6:      layout_basic, old_standard_altar, okawaru_trees_1, serial_bayou,
          serial_bayou_lake_a, serial_bayou_pond_b, serial_bayou_shore_a,
          serial_bayou_lagoon_a, abandoned_shop
D:7:      layout_basic, lightli_bailey_entry_fortress, uniq_crazy_yiuf_cottage
D:8:      layout_cave_pools, nicolae_qazlal_style_of_elements,
          dpeg_lair_monsters, minmay_microvault, uniq_maggie
D:9:      layout_basic, nicolae_ru_path_of_blood, old_standard_altar
D:10:     layout_cave_pools, minmay_gold_behind_fungi, grunt_ministairs_7,
          hangedman_little_slice_of_home, uniq_snorg, uniq_urug, uniq_josephine
Lair:1:   layout_regular_city
Lair:2:   layout_roguey, ebering_ghost_xom, serial_bayou_shore_b
Lair:3:   layout_regular_city, ebering_ghost_inner_flame, grunt_megastairs_4
Lair:4:   layout_gridlike, swamp_mist_pool, minmay_snake_entry_guardpost_medium,
          basic_altar, zaba_anthell, grunt_megastairs_1
Lair:5:   beast_lair_carwin_large_2, layout_concentric_octagons,
          nicolae_slime_entry_slimehenge, infiniplex_staircase_pool

Skill      XL: |  1  2  3  4  5  6  7  8  9 10 11 12 13 |
---------------+----------------------------------------+-----
Dodging        | 3 4 5 6 7 8 |  8.6
Fighting       | 3 4 5 6 7 |  7.6
Unarmed Combat | 4 5 6 7 9 11 13 14 15 16 | 16.2
Stealth        | 1 2 |  2.2
Armour         | 2 3 4 |  4.0
Shields        | 1 3 4 |  4.1
Axes           | |  0.4

Action                   |  1- 3 |  4- 6 |  7- 9 | 10-12 | 13-15 || total
-------------------------+-------+-------+-------+-------+-------++-------
Melee: Unarmed           |    90 |    57 |   350 |   564 |    64 ||  1125
       Punch             |       |     2 |    15 |     5 |       ||    22
       War axe           |       |       |       |     7 |    16 ||    23
Invok: Berserk           |       |     2 |     8 |    13 |     2 ||    25
       Brothers in Arms  |       |       |     2 |     6 |       ||     8
       Trog's Hand       |       |       |       |     1 |       ||     1
Evoke: Wand              |       |       |       |     1 |       ||     1
  Use: Scroll            |     4 |       |     4 |     4 |       ||    12
       Potion            |       |       |     1 |     1 |       ||     2
 Stab: Sleeping          |       |     1 |     2 |     1 |       ||     4
       Distracted        |       |       |     1 |     2 |       ||     3
Armor: Animal skin       |    27 |    15 |   106 |    43 |       ||   191
       Swamp dragon scal |       |       |       |   190 |    37 ||   227
Dodge: Dodged            |    50 |    28 |   200 |   231 |    47 ||   556
Block: Kite shield       |       |       |       |   205 |    57 ||   262

Table legend: (Time is in decaauts)
 A = Elapsed time spent in this place.
 B = Non-inter-level travel time spent in this place.
 C = Inter-level travel time spent in this place.
 D = Time resting spent in this place.
 E = Time spent auto-exploring this place.
 F = Levels seen in this place.
 G = Mean time per level.
                   A        B        C        D        E       F      G
               +--------+--------+--------+--------+--------+-----+--------+
         Total |  11288 |  10657 |    631 |    102 |   8334 |  16 |  705.5 |
       Dungeon |   7277 |   6750 |    527 |    102 |   5363 |  10 |  727.7 |
          Lair |   3728 |   3624 |    104 |      0 |   2870 |   5 |  745.6 |
        Bailey |    282 |    282 |      0 |      0 |    100 |   1 |  282.0 |
               +--------+--------+--------+--------+--------+-----+--------+

Top non-repeatable levels by time:
     D:6: 1174 daAuts
  Lair:3: 1091 daAuts
     D:7: 1051 daAuts
  Lair:4: 985 daAuts
     D:5: 832 daAuts
     D:1: 832 daAuts
  Lair:1: 803 daAuts
  Lair:2: 762 daAuts
     D:4: 750 daAuts
     D:9: 733 daAuts
     D:3: 679 daAuts
     D:8: 590 daAuts
     D:2: 549 daAuts
  Bailey: 282 daAuts
  Lair:5: 86 daAuts
